 Dungeon Crawl Stone Soup version 0.30.0-5-g1a98f26d00 (webtiles) character file.

Game seed: 6450876609592087290

90640 freelancePsychic the Hand of Fortune (level 15, -16/94 HPs)
             Began as a Deep Elf Artificer on May 11, 2023.
             Was the Champion of Nemelex Xobeh.
             Demolished by a boulder beetle (47 damage)
             ... led by a torpor snail
             ... on level 2 of the Lair of Beasts.
             The game lasted 00:48:41 (22231 turns).

freelancePsychic the Hand of Fortune (DEAr)        Turns: 22231, Time: 00:48:41

Health: -16/94     AC: 14    Str:  9    XL:     15   Next: 52%
Magic:  29/29      EV: 28    Int: 21    God:    Nemelex Xobeh [******]
Gold:   934        SH:  7    Dex: 26    Spells: 14/14 levels left

rFire   + . .        a - +9 sword of Zonguldrok {reap}
rCold   + + .        G - +0 buckler {rC+}
rNeg    . . .        w - +4 steam dragon scales
rPois   +            i - +0 helmet {SInv}
rElec   .            X - scarf {rC+ rF+}
rCorr   .            W - +0 pair of gloves
SInv    +            l - +2 pair of boots
Will    .....        H - amulet of regeneration
Stlth   ++++++       u - ring "Quocihorgh" {Will- EV+5 Int+3 Dex+5 Stlth+}
HPRegen 1.15/turn    T - ring of poison resistance
MPRegen 0.21/turn

%: no passive effects
@: studying Stealth
A: no striking features
a: Renounce Religion, Draw Escape, Draw Destruction, Draw Summoning, Triple
Draw, Deal Four, Stack Five


You were on level 2 of the Lair of Beasts.
You worshipped Nemelex Xobeh.
Nemelex Xobeh was exalted by your worship.
You visited 4 branches of the dungeon, and saw 23 of its levels.
You also visited: Sewer and Ice Cave.

You collected 2589 gold pieces.
You spent 1655 gold pieces at shops.

Inventory:

Hand Weapons
 a - the +9 sword of Zonguldrok (weapon) {reap}
   (You found it on level 6 of the Dungeon)
 b - a +1 arbalest
Missiles
 D - 9 throwing nets
Armour
 i - a +0 helmet of see invisible (worn)
 l - a +2 pair of boots (worn)
 s - the +4 Cigotuvi's embrace {Corpsefed rMiasma Drain rN+}
   (You bought it in a shop on level 2 of the Orcish Mines)

   Corpsefed: It gathers nearby corpses to temporarily increase the armour it
   provides.
   rMiasma:   It protects you from foul pestilence.
   rN:        It protects you from negative energy.
   Drain:     It drains your maximum health when unequipped.
 w - +4 steam dragon scales (worn)
 G - a +0 buckler of cold resistance (worn)
 W - a +0 pair of gloves (worn)
 X - a scarf of resistance (worn)
Jewellery
 u - the ring "Quocihorgh" (left hand) {Will- EV+5 Int+3 Dex+5 Stlth+}
   (You acquired it in a sewer)

   [ring of evasion]

   EV:        It affects your evasion (+5).
   Int:       It affects your intelligence (+3).
   Dex:       It affects your dexterity (+5).
   Will:      It decreases your willpower.
   Stlth:     It makes you more stealthy.
 v - a ring of willpower
 H - an amulet of regeneration (around neck)
 T - a ring of poison resistance (right hand)
 Z - a ring of protection from cold
Wands
 d - a wand of charming (13)
 g - a wand of digging (6)
 A - a wand of paralysis (17)
 J - a wand of polymorph (4)
 K - a wand of flame (19)
 O - a wand of iceblast (12)
 Y - a wand of quicksilver (5)
Scrolls
 f - 6 scrolls of amnesia
 h - a scroll of summoning
 n - a scroll of silence
 o - 4 scrolls of immolation
 z - 2 scrolls of fear
 C - 4 scrolls of identify {@r1}
 F - 4 scrolls of fog
 M - 9 scrolls of teleportation {@r4}
 N - 5 scrolls of enchant weapon
 Q - 2 scrolls of vulnerability
 R - a scroll of blinking
 S - 3 scrolls of brand weapon
 U - 2 scrolls of poison
Potions
 c - 2 potions of cancellation
 e - 8 potions of heal wounds {@q2}
 j - 13 potions of curing {@q1}
 k - 4 potions of brilliance
 m - 8 potions of haste {@q3}
 p - 4 potions of attraction
 q - 6 potions of lignification
 r - 3 potions of ambrosia
 t - 5 potions of flight
 y - a potion of magic
 B - 2 potions of invisibility
 E - a potion of might
 I - 4 potions of mutation
 V - a potion of resistance
Miscellaneous
 x - a tin of tremorstones (2/2)
 L - a phial of floods


   Skills:
 + Level 11.1 Fighting
 - Level 4.0(11.5) Short Blades
 * Level 15.2(15.4) Long Blades
 - Level 3.2 Ranged Weapons
 - Level 0.7 Armour
 - Level 12.0 Dodging
 - Level 10.0 Stealth
 - Level 6.0 Shields
 + Level 16.0 Invocations
 - Level 3.2 Evocations


You had 14 spell levels left.
You didn't know any spells.
Your spell library contained the following spells:

 Spells                   Type           Power      Damage    Failure   Level
 Beastly Appendage        Tmut           0%         N/A       26%         1
 Foxfire                  Conj/Fire      0%         2x1d4     26%         1
 Kiss of Death            Conj/Necr      0%         2d5       26%         1
 Necrotise                Necr           0%         1d4       26%         1
 Slow                     Hex            0%         N/A       26%         1
 Ensorcelled Hibernation  Hex/Ice        0%         N/A       36%         2
 Passwall                 Tmut/Erth      0%         N/A       36%         2
 Wereblood                Tmut           0%         N/A       36%         2
 Confusing Touch          Hex            0%         N/A       58%         3
 Inner Flame              Hex/Fire       0%         N/A       58%         3
 Spider Form              Tmut/Pois      0%         N/A       58%         3
 Swiftness                Air            0%         N/A       58%         3
 Vampiric Draining        Necr           0%         2d6       58%         3
 Anguish                  Hex/Necr       0%         N/A       94%         4
 Dispel Undead            Necr           0%         3d6       94%         4
 Flame Wave               Conj/Fire      0%         2d4       94%         4
 Passage of Golubria      Tloc           0%         N/A       94%         4
 Sticky Flame             Conj/Fire      0%         2d3       94%         4
 Agony                    Necr           0%         N/A       100%        5
 Fireball                 Conj/Fire      0%         3d3       100%        5
 Silence                  Hex/Air        0%         N/A       100%        5
 Plasma Beam              Fire/Air       0%         2x1d11    100%        6
 Starburst                Conj/Fire      0%         6d3       100%        6
 Enfeeble                 Hex            0%         N/A       100%        7
 Lehudib's Crystal Spear  Conj/Erth      0%         10d2      100%        8


Dungeon Overview and Level Annotations

Branches:
Dungeon (15/15)            Temple (0/1) D:7            Lair (5/5) D:10
  Swamp (0/4) Lair:2       Spider (1/4) Lair:2        Slime (0/5) Lair:4
    Orc (2/2) D:10            Elf (0/3) Orc:2        Vaults (0/5) D:13
 Depths (0/4) D:15          Sewer (visited)           IceCv (visited)

Altars:
Cheibriados
Hepliaklqana
Kikubaaqudgha
Nemelex Xobeh
Okawaru
Uskayaw
Vehumet
Wu Jian
The Shining One

Shops:
D:3 [   D:7 :*   D:9 :*   Orc:1 =   Orc:2 ![:[

Portals:
Trove: D:13 (give 7 scrolls of fog)

Annotations:
D:3 exclusions: orc and 1 more exclusion
D:11 exclusion: ugly thing
D:13 Frances, Rupert


Message History

The demonic crawler closely misses you.
The demonic crawler completely misses you.
The boulder beetle completely misses you.
You slash the boulder beetle!
The boulder beetle is almost dead.
The demonic crawler completely misses you. x2
The demonic crawler closely misses you.
The boulder beetle completely misses you.
The boulder beetle leaps!
You hit the boulder beetle.
The boulder beetle is heavily wounded.
The demonic crawler closely misses you. x2
The demonic crawler completely misses you.
You block the boulder beetle's attack.
You hit the boulder beetle.
The boulder beetle is severely wounded.
The boulder beetle curls into a ball and begins rolling!
You block the demonic crawler's attack. The demonic crawler closely misses you.
The demonic crawler hits you.
You hit the boulder beetle.
The boulder beetle is severely wounded.
The boulder beetle bites you!
The demonic crawler completely misses you.
The demonic crawler misses you.
The demonic crawler completely misses you.
You hit the boulder beetle but do no damage.
The boulder beetle is severely wounded.
The demonic crawler barely misses you. You block the demonic crawler's attack.
The demonic crawler misses you.
The boulder beetle completely misses you.
You hit the boulder beetle but do no damage.
The boulder beetle is heavily wounded.
You block the demonic crawler's attack.
The demonic crawler hits you but does no damage.
The demonic crawler completely misses you.
The boulder beetle bites you but does no damage.
The boulder beetle hits you!!!
Ouch! That really hurt!
You die...
Your body disappears without a glow.

##..........................#
#PP........................#.
#P.........<...<...........##
##......###........####..#.#.
#.....##^^...###...# ####..#
##...##°^^^..###....# #..#
#....###°...#^^^...#### #..#
##.....#.°.B^^^.....#.# #..#
#.......^.○s@^.......## ##..#
##...#....#^^B...^...# #...#
#...#....##^^^......#####..#
#.....^..^##^#..............
#.........^###...........#..
#......^...###.^...#........
#...........#.....##........
#..........##....###........
#...............##........##


You could see 2 boulder beetles and a demonic crawler.

Vanquished Creatures
  Jorgrun (D:14)
  A reaper (IceCv)
  A stone giant (D:15)
  Nessos (Orc:2)
  A spark wasp (Spider:1)
  The ghost of BraveToast the Basher, a journeyman FoFi of Qazlal (D:12)
  Josephine (Lair:5)
  An ettin (D:12)
  A great orb of eyes (Lair:5)
  4 hydras
  A vault guard (D:13)
  A merfolk avatar (Lair:5)
  2 catoblepae
  Harold (Lair:2)
  2 boulder beetles
  3 centaur warriors
  2 ogre magi (Orc:2)
  8 two-headed ogres
  A death knight (D:13)
  A death yak (Lair:2)
  3 tengu warriors
  Nergalle (Orc:2)
  Sonja (D:13)
  A skyshark (Lair:5)
  A sea snake (Lair:5)
  A bog body (Lair:2)
  An orb spider (shapeshifter) (D:15)
  A steelbarb worm (Spider:1)
  2 orc knights
  A lindwurm (Lair:2)
  A deep elf pyromancer (D:13)
  2 wizards (D:14)
  A harpy (Lair:5)
  4 cyclopes
  4 orc sorcerers (Orc:2)
  3 ugly things (D:13)
  4 manticores
  3 black mambas
  A faun (shapeshifter) (D:14)
  9 elephants (Lair:5)
  An ice statue (IceCv)
  A gargoyle (D:12)
  Joseph (D:9)
  14 cane toads
  Maggie (D:7)
  A steelbarb worm zombie (Spider:1)
  3 yaktaurs
  4 komodo dragons
  An efreet (D:13)
  3 unseen horrors
  2 kobold demonologists (D:10)
  An anaconda simulacrum (IceCv)
  An ice devil (IceCv)
  9 rime drakes
  A freezing wraith (D:15)
  A tengu conjurer (D:14)
  9 trolls
  A wind drake (Lair:5)
  2 polar bears
  A snapping turtle (Lair:5)
  A hornet (D:9)
  11 blink frogs
  4 dream sheep (Lair:5)
  A slime creature (D:13)
  A centaur simulacrum (D:12)
  4 shadows
  6 wraiths
  2 vampires
  5 wyverns
  25 yaks
  A dire elephant simulacrum (IceCv)
  Eustachio (D:6)
  2 basilisks
  6 vampire mosquitoes
  A steam dragon (Lair:5)
  A human zombie (Lair:5)
  An acid dragon (D:12)
  9 water moccasins
  4 black bears
  A sky beast (D:7)
  14 orc warriors
  2 ice beasts
  3 blink frog zombies
  18 wolves
  An elephant zombie (Lair:5)
  4 ogres
  5 centaurs
  2 kobold brigands (D:7)
  A wyvern zombie (Lair:5)
  2 gnoll sergeants
  Blork the orc (D:5)
  11 bullfrogs
  5 scorpions
  A water moccasin zombie (Lair:5)
  4 cane toad simulacra (IceCv)
  4 two-headed ogre simulacra (IceCv)
  7 wights
  A troll zombie (D:12)
  4 elephant simulacra (IceCv)
  7 killer bees
  A howler monkey (D:5)
  A wolf zombie (Lair:5)
  5 electric eels
  2 basilisk zombies
  A jelly (D:4)
  3 hounds
  Crazy Yiuf (D:5)
  6 orc priests
  2 gnoll boudas
  A sleepcap (D:4)
  Terence (D:3)
  27 orc wizards
  8 spriggan simulacra (IceCv)
  3 troll simulacra (IceCv)
  5 hell rats
  2 polar bear simulacra (IceCv)
  3 wolf simulacra (IceCv)
  10 gnolls
  3 naga simulacra (IceCv)
  11 river rats
  8 adders
  An orc zombie (D:7)
  A shadow imp (D:5)
  A white imp (IceCv)
  13 ufetubi
  6 worms
  A dart slug (D:1)
  64 orcs
  16 ball pythons
  13 endoplasms
  8 giant cockroaches
  9 goblins
  7 hobgoblins
  3 jackals (Sewer)
  14 kobolds
  8 quokkas
  13 bats
  8 frilled lizards
  A kobold zombie (D:7)
  12 rats
  A river rat zombie (Lair:2)
626 creatures vanquished.

Vanquished Creatures (collateral kills)
  2 hydras
  3 two-headed ogres
  A manticore (Lair:5)
  A harpy (Lair:5)
  4 orc sorcerers (Orc:2)
  A cyclops (D:12)
  2 elephants (Lair:5)
  A black mamba (Lair:3)
  5 cane toads
  A komodo dragon (Lair:1)
  A wind drake (Lair:5)
  A hornet (Lair:5)
  8 blink frogs
  2 wyverns (Lair:5)
  7 yaks
  3 redbacks (Lair:2)
  A steam dragon (Lair:1)
  A basilisk (D:14)
  A warg (D:10)
  A vampire mosquito (D:11)
  An acid dragon (D:12)
  A cane toad zombie (Lair:5)
  5 water moccasins
  3 orc warriors
  An elephant zombie (Lair:5)
  An ogre (Orc:2)
  5 wolves
  2 centaurs (D:13)
  3 bullfrogs
  4 killer bees
  A wolf zombie (Lair:5)
  2 orc priests
  6 orc wizards (Orc:2)
  5 hell rats
  2 gnolls (D:9)
  A river rat (Lair:2)
  11 orcs
  A kobold (D:7)
  An orc zombie (Orc:2)
  A rat (Lair:2)
104 creatures vanquished.

Vanquished Creatures (others)
  2 unseen horror zombies
  2 centaur zombies
  A great orb of eyes zombie (Lair:5)
  A yak (D:9)
  5 cane toad zombies
  A tengu zombie (D:14)
  A human zombie (Lair:2)
  An elephant zombie (Lair:5)
  A blink frog zombie (Lair:3)
  A manticore zombie (D:12)
  A rime drake zombie (Lair:5)
  3 vampire mosquito zombies
  A komodo dragon zombie (Lair:5)
  4 water moccasin zombies
  4 yak zombies
  A troll zombie (Orc:2)
  8 wolf zombies
  4 bullfrog zombies
  A black bear zombie (D:7)
  An orc wizard (Orc:2)
  3 killer bee zombies (D:11)
  4 kobold zombies (D:7)
  2 ogre zombies (Orc:2)
  A hound zombie (D:7)
  A hell rat zombie (Lair:2)
  A steam dragon zombie (Lair:5)
  27 orc zombies
  A bat zombie (D:9)
  6 gnoll zombies
  A ball python zombie (D:9)
  3 rat zombies (Lair:2)
94 creatures vanquished.

Grand Total: 824 creatures vanquished

Notes
Turn   | Place    | Note
-------+----------+-------------------------------------------
     0 | D:1      | freelancePsychic the Deep Elf Artificer began the quest for
                  | the Orb.
     0 | D:1      | Reached XP level 1. HP: 11/11 MP: 3/3
    22 | D:1      | Reached skill level 1 in Fighting
   181 | D:1      | Reached XP level 2. HP: 13/16 MP: 4/4
   500 | D:1      | Reached XP level 3. HP: 21/21 MP: 5/5
   851 | D:2      | Reached skill level 1 in Short Blades
  1165 | D:2      | Reached XP level 4. HP: 20/26 MP: 6/6
  1640 | D:3      | Found a faded altar of an unknown god.
  1804 | D:3      | Found Nesch's Antique Armour Shoppe.
  1841 | D:3      | Noticed Terence
  1847 | D:3      | Killed Terence
  1944 | D:3      | Found a sparkling altar of Nemelex Xobeh.
  1965 | D:3      | Became a worshipper of Nemelex Xobeh the Trickster
  2562 | D:4      | Reached XP level 5. HP: 16/30 MP: 7/7
  2655 | D:4      | Found a snail-covered altar of Cheibriados.
  2656 | D:4      | Found a glowing golden altar of the Shining One.
  2656 | D:4      | Found a hide-covered altar of Uskayaw.
  2883 | D:4      | Noticed an orc warrior
  3516 | D:4      | Reached XP level 6. HP: 27/36 MP: 8/8
  3635 | D:5      | Entered Level 5 of the Dungeon
  3639 | D:5      | Found a glowing drain.
  3785 | Sewer    | Entered a sewer
  3803 | Sewer    | Reached skill level 5 in Stealth
  4353 | Sewer    | Identified a scroll of acquirement
  4353 | Sewer    | Acquired the ring "Quocihorgh" {Will- EV+5 Int+3 Dex+5
                  | Stlth+}
  4435 | Sewer    | Reached XP level 7. HP: 41/41 MP: 9/9
  4673 | D:5      | Found a runed translucent door.
  4674 | D:5      | Noticed Crazy Yiuf
  4858 | D:5      | Reached * piety under Nemelex Xobeh
  4981 | D:5      | Reached skill level 1 in Ranged Weapons
  5045 | D:5      | Found a hazy altar of Hepliaklqana.
  5049 | D:5      | Reached skill level 1 in Invocations
  5054 | D:5      | Noticed Blork the orc
  5057 | D:5      | Paralysed by Blork the orc for 2 turns
  5075 | D:5      | Killed Blork the orc
  5281 | D:5      | Received a gift from Nemelex Xobeh
  5353 | D:5      | Killed Crazy Yiuf
  5482 | D:5      | Reached skill level 2 in Invocations
  5482 | D:5      | Reached XP level 8. HP: 36/48 MP: 11/11
  5667 | D:6      | Acquired a manual of Stealth
  5695 | D:6      | Found the +9 sword of Zonguldrok {reap}
  5699 | D:6      | Noticed Eustachio
  5705 | D:6      | Killed Eustachio
  6135 | D:7      | Found a staircase to the Ecumenical Temple.
  6135 | D:7      | Noticed Maggie
  6143 | D:7      | Killed Maggie
  6144 | D:7      | Reached skill level 3 in Invocations
  6253 | D:7      | Reached skill level 5 in Fighting
  6335 | D:7      | Found Fojeafej's General Store.
  6345 | D:7      | Reached skill level 4 in Invocations
  6420 | D:7      | Bought a +0 pair of boots for 67 gold pieces
  6517 | D:7      | Reached ** piety under Nemelex Xobeh
  6737 | D:7      | Reached XP level 9. HP: 37/54 MP: 14/14
  6989 | D:7      | Found Gymofy's Book Shoppe.
  7259 | D:8      | Received a gift from Nemelex Xobeh
  7320 | D:8      | Identified the +2 hand axe of Floral Absolution {elec,
                  | rElec Str-2 Int+2}
  7491 | D:8      | Reached skill level 5 in Invocations
  7686 | D:8      | Reached skill level 10 in Stealth
  7825 | D:8      | Reached skill level 5 in Long Blades
  7913 | D:8      | Received a gift from Nemelex Xobeh
  8286 | D:9      | Reached skill level 6 in Invocations
  8710 | D:7      | Bought an amulet of regeneration for 450 gold pieces
  8821 | D:9      | Reached XP level 10. HP: 59/60 MP: 16/16
  8833 | D:9      | Noticed Joseph
  9206 | D:9      | Found Boang's Self-Improvement Boutique.
  9280 | D:9      | Found Feclaost's General Store.
  9488 | D:9      | Reached *** piety under Nemelex Xobeh
  9842 | D:10     | Entered Level 10 of the Dungeon
  9868 | D:10     | Noticed a sixfirhy
 10036 | D:10     | Received a gift from Nemelex Xobeh
 10163 | D:10     | Noticed a two-headed ogre
 10178 | D:10     | Reached skill level 7 in Invocations
 10245 | D:10     | Killed a two-headed ogre
 10246 | D:10     | Reached skill level 5 in Dodging
 10348 | D:10     | Found a staircase to the Lair.
 10441 | D:10     | Reached XP level 11. HP: 67/67 MP: 18/18
 10576 | D:10     | Found a staircase to the Orcish Mines.
 10811 | D:10     | Acquired a manual of Invocations
 10880 | D:11     | Noticed a two-headed ogre
 10896 | D:11     | Killed a two-headed ogre
 10897 | D:11     | Reached skill level 8 in Invocations
 11202 | D:11     | Noticed a cyan ugly thing
 11247 | D:11     | Noticed a two-headed ogre
 11261 | D:11     | Killed a two-headed ogre
 11539 | Lair:1   | Entered Level 1 of the Lair of Beasts
 11550 | Lair:1   | Reached skill level 9 in Invocations
 11628 | Lair:1   | Received a gift from Nemelex Xobeh
 11839 | Lair:1   | Reached skill level 10 in Long Blades
 11839 | Lair:1   | Reached skill level 10 in Invocations
 11883 | Lair:1   | Reached **** piety under Nemelex Xobeh
 11997 | Lair:1   | Reached XP level 12. HP: 67/73 MP: 21/21
 12500 | Lair:2   | Found a staircase to the Swamp.
 12597 | Lair:2   | Received a gift from Nemelex Xobeh
 12682 | Lair:2   | Noticed a five-headed hydra
 12702 | Lair:2   | Killed a five-headed hydra
 12727 | Lair:2   | Noticed Harold
 12728 | Lair:2   | Identified the +5 demon trident of Blood {pain, Will+
                  | Stlth+}
 12733 | Lair:2   | Killed Harold
 12735 | Lair:2   | Reached skill level 11 in Invocations
 12886 | Lair:2   | Noticed a death yak
 12895 | Lair:2   | Killed a death yak
 12974 | Lair:2   | Found a hole to the Spider Nest.
 13008 | Lair:2   | Noticed a catoblepas
 13010 | Lair:2   | Noticed a six-headed hydra
 13039 | Lair:2   | Your ally Harold died
 13040 | Lair:2   | Killed a six-headed hydra
 13048 | Lair:2   | Killed a catoblepas
 13250 | Lair:2   | Received a gift from Nemelex Xobeh
 13435 | Lair:3   | Reached skill level 12 in Invocations
 13866 | Lair:3   | Received a gift from Nemelex Xobeh
 13887 | Lair:3   | Reached XP level 13. HP: 80/80 MP: 24/24
 14320 | Lair:4   | Received a gift from Nemelex Xobeh
 14517 | Lair:4   | Reached skill level 10 in Dodging
 14526 | Lair:4   | Reached skill level 13 in Invocations
 14778 | Lair:4   | Found a staircase to the Slime Pits.
 14793 | Lair:4   | Reached ***** piety under Nemelex Xobeh
 14949 | Lair:5   | Entered Level 5 of the Lair of Beasts
 14950 | Lair:5   | Identified the -2 quarterstaff "Rosivva" {pain, Int+3}
 15116 | Lair:5   | Reached skill level 1 in Shields
 15158 | Lair:5   | Noticed Josephine
 15364 | Lair:5   | Reached skill level 14 in Invocations
 15384 | Lair:5   | Identified the +1 robe of Catatonia {rCorr Dex+4}
 15452 | Lair:5   | Killed Josephine
 15480 | Lair:5   | Received a gift from Nemelex Xobeh
 15583 | Lair:5   | Reached XP level 14. HP: 69/87 MP: 26/26
 15697 | Lair:5   | Reached skill level 10 in Fighting
 16237 | D:9      | Received a gift from Nemelex Xobeh
 16304 | D:9      | Killed Joseph
 16452 | Orc:1    | Entered Level 1 of the Orcish Mines
 16581 | Orc:2    | Entered Level 2 of the Orcish Mines
 16581 | Orc:2    | Found a staircase to the Elven Halls.
 16719 | Orc:2    | Noticed Nessos
 16728 | Orc:2    | Killed Nessos
 17024 | Orc:2    | Paralysed by an orc sorcerer for 4 turns
 17030 | Orc:2    | Paralysed by an orc sorcerer for 2 turns
 17077 | Orc:2    | Found Daeb's Distillery.
 17097 | Orc:2    | Found a radiant altar of Vehumet.
 17103 | Orc:2    | Identified the +0 hand axe of Accidental Termination
                  | {heavy, rC+}
 17110 | Orc:2    | Your ally Nessos died
 17120 | Orc:2    | Noticed Nergalle
 17121 | Orc:2    | Received a gift from Nemelex Xobeh
 17121 | Orc:2    | Found Juer Bia's Antique Armour Shop.
 17131 | Orc:2    | Killed Nergalle
 17132 | Orc:2    | Reached skill level 15 in Invocations
 17182 | Orc:2    | Found an ancient bone altar of Kikubaaqudgha.
 17227 | Orc:2    | Found Guxob's Book Boutique.
 17240 | Orc:2    | Found Onys's Antique Armour Boutique.
 17283 | Orc:2    | Bought a heavily runed buckler for 180 gold pieces
 17283 | Orc:2    | Identified the +1 buckler of Optimism {Harm} (You bought it
                  | in a shop on level 2 of the Orcish Mines)
 17284 | Orc:2    | Bought a glowing scarf for 152 gold pieces
 17321 | Orc:2    | Bought the +4 Cigotuvi's embrace {Corpsefed rMiasma Drain
                  | rN+} for 634 gold pieces
 17321 | Orc:2    | Found the +4 Cigotuvi's embrace {Corpsefed rMiasma Drain
                  | rN+}
 17335 | Orc:2    | Bought a runed helmet for 172 gold pieces
 17552 | Orc:1    | Found Guosti's Jewellery Emporium.
 18045 | D:12     | Received a gift from Nemelex Xobeh
 18394 | D:12     | Found a transporter.
 18395 | D:12     | Noticed BraveToast's ghost (journeyman FoFi)
 18599 | D:12     | Received a gift from Nemelex Xobeh
 18690 | D:12     | Found a transporter.
 18790 | D:12     | Identified the +8 giant club "Hoyvegok" {venom, Int+3
                  | Stlth+}
 18801 | D:12     | Killed BraveToast's ghost
 18803 | D:12     | Identified the +1 pair of boots of Tiafuqos {+Blink}
 18920 | D:13     | Found a frozen archway.
 18932 | D:13     | Reached skill level 5 in Shields
 18941 | IceCv    | Entered an ice cave
 19195 | IceCv    | Noticed a reaper
 19197 | IceCv    | Killed a reaper
 19198 | IceCv    | Reached XP level 15. HP: 93/93 MP: 28/28
 19223 | IceCv    | Received a gift from Nemelex Xobeh
 19577 | D:13     | Noticed Frances
 19591 | D:13     | Noticed Sonja
 19596 | D:13     | Killed Sonja
 19653 | D:13     | Found a portal to a secret trove of treasure.
 19689 | D:13     | Identified the +10 dagger of Cunaux {heavy, rN++}
 19894 | D:13     | Received a gift from Nemelex Xobeh
 20211 | D:13     | Noticed Rupert
 20360 | D:13     | Found a gate to the Vaults.
 20485 | D:13     | Received a gift from Nemelex Xobeh
 20659 | D:14     | Noticed Jorgrun
 20661 | D:14     | Killed Jorgrun
 20855 | D:14     | Received a gift from Nemelex Xobeh
 21049 | D:14     | Reached ****** piety under Nemelex Xobeh
 21202 | D:15     | Entered Level 15 of the Dungeon
 21215 | D:15     | Received a gift from Nemelex Xobeh
 21299 | D:15     | Reached skill level 15 in Long Blades
 21388 | D:15     | Received a gift from Nemelex Xobeh
 21549 | D:15     | Found an iron altar of Okawaru.
 21606 | D:15     | Found an ornate altar of the Wu Jian Council.
 21861 | D:15     | Found a staircase to the Depths.
 21910 | D:15     | Reached skill level 16 in Invocations
 21965 | D:15     | Received a gift from Nemelex Xobeh
 22194 | Spider:1 | Entered Level 1 of the Spider Nest
 22231 | Lair:2   | Demolished by a boulder beetle

Illustrated notes

Levels and vault maps discovered:
D:1:      minmay_arrival_plants_in_alcoves, layout_basic
D:2:      layout_basic, minmay_misc_feat_ornament
D:3:      layout_loops_cross, nicolae_ru_path_of_blood,
          nemelex_dance_club_becter, hellmonk_ecumenical_altar_run_dry,
          serial_shops, nicolae_shop_back_alley_shop, minmay_misc_feat_five,
          nicolae_titane, uniq_terence
D:4:      layout_basic, chequers_temple_overflow_statue_of_worship
D:5:      layout_cave_pools, mainiacjoe_overflow_cross_hatched,
          portal_sewer_entry_a, serial_column_ruins, column_ruins_open_tiny,
          column_ruins_columns_straight, column_ruins_open_medium_water,
          column_ruins_corridor_straight, st_stairs_7, serial_bayou_pond_d,
          uniq_crazy_yiuf_cottage, uniq_blork_the_orc
D:6:      layout_rooms, uniq_eustachio
D:7:      layout_loops_cross, minmay_temple_entry_overgrown, serial_shops,
          nicolae_shop_tiny_glass, shop, uniq_maggie
D:8:      layout_gridville
D:9:      layout_loops_ring, serial_bayou, serial_bayou_lagoon_a,
          serial_bayou_lake_a, serial_bayou_shore_b, serial_bayou_crossing,
          serial_bayou_pond_c, serial_bayou_lagoon_b, serial_shops,
          nicolae_shop_window_shopping, nicolae_shop_self_help, uniq_joseph
D:10:     layout_loops_ring, grunt_lair_entry_orc_guard_hut, david_orc_1_choice,
          minmay_puff
D:11:     layout_loops_ring
D:12:     layout_gridville, gammafunk_ghost_smash, minivault_25,
          nicolae_eternal_life, hangedman_corner_corridor
D:13:     layout_loops_corners, david_vaults_5, portal_ice_cave_rime,
          enter_trove_1, uniq_frances, uniq_sonja, uniq_rupert
D:14:     layout_rooms, chequers_arboretum, uniq_jorgrun
D:15:     grunt_enter_depths_snipers, layout_stronghold, okawaru_gym_becter,
          nzn_wu_jian_council_hall
Lair:1:   layout_long_grid, nicolae_quartered_pool_impasse, minivault_24,
          serial_bayou_shore_a
Lair:2:   layout_chaotic_city, skrybe_swamp_entry_bodies,
          spider_nest_entry_webs, kennysheep_abandoned_house, uniq_harold
Lair:3:   layout_roguey, grunt_megastairs_5
Lair:4:   layout_misc_corridors, slime_entry_1
Lair:5:   gammafunk_lair_ancient_temple, layout_regular_city,
          grunt_megastairs_2, uniq_josephine
Spider:1: layout_spider_delve
Orc:1:    layout_caves, serial_shops, shop_fountains
Orc:2:    kennysheep_orc_mage_school, layout_caves, uniq_nessos

Skill      XL: |  1  2  3  4  5  6  7  8  9 10 11 12 13 14 15 |
---------------+----------------------------------------------+-----
Fighting       | 1 2 3 4 5 6 7 8 9 10 11 | 11.1
Stealth        | 2 3 4 5 7 9 10 | 10.0
Short Blades   | 1 2 3 4 |  4.0
Ranged Weapons | 2 3 |  3.2
Invocations    | 2 4 6 7 10 12 14 15 16 | 16.0
Long Blades    | 3 6 8 10 11 13 14 15 | 15.2
Dodging        | 5 7 9 11 12 | 12.0
Shields        | 2 5 6 |  6.0
Armour         | |  0.7
Evocations     | |  3.2

Action                     |  1- 3 |  4- 6 |  7- 9 | 10-12 | 13-15 || total
---------------------------+-------+-------+-------+-------+-------++-------
  Melee: Club              |    58 |       |       |       |       ||    58
         Dagger            |    70 |   272 |    30 |       |       ||   372
         Punch             |     1 |     4 |       |     3 |     2 ||    10
         Double sword      |       |       |   123 |   342 |   783 ||  1248
   Fire: Arbalest          |       |     9 |    66 |       |       ||    75
 Invoke: Draw Destruction  |       |       |     3 |    12 |    28 ||    43
         Draw Summoning    |       |       |       |     2 |     7 ||     9
         Draw Escape       |       |       |       |     3 |     5 ||     8
         Deal Four         |       |       |       |       |     2 ||     2
  Evoke: Wand              |     8 |     8 |     4 |     5 |     2 ||    27
    Use: Scroll            |     1 |    11 |     7 |     3 |    19 ||    41
         Potion            |       |       |     1 |       |     1 ||     2
   Stab: Sleeping          |     1 |    15 |     8 |    20 |    24 ||    68
         Distracted        |     1 |     2 |     2 |    10 |    18 ||    33
         Betrayed ally     |       |       |       |     1 |       ||     1
         Paralysed         |       |       |       |       |     3 ||     3
 Armour: Leather armour    |    47 |    77 |    11 |       |     1 ||   136
         Steam dragon scal |       |       |    38 |    56 |   181 ||   275
  Dodge: Dodged            |    90 |   177 |   172 |   350 |   867 ||  1656
  Block: Buckler           |       |       |       |       |   148 ||   148
